 Dungeon Crawl Stone Soup version 0.31-a0-133-gaae73658be (console) character file.

Game seed: 14699419431980443478

190393 jejorda2 the Warrior (level 18, -17/151 HPs)
             Began as a Merfolk Berserker on June 2, 2023.
             Was an Elder of Trog.
             Demolished by a radroach (30 damage)
             ... on level 2 of the Spider Nest on June 3, 2023.
             The game lasted 01:54:03 (30970 turns).

jejorda2 the Warrior (Merfolk Berserker)           Turns: 30970, Time: 01:54:06

Health: -17/151    AC: 38    Str: 21    XL:     18   Next: 61%
Magic:  18/18      EV:  9    Int:  7    God:    Trog [****..]
Gold:   1299       SH: 19    Dex: 19    Spells: 17/17 levels left

rFire   . . .        a - +0 double sword (drain)
rCold   . . .        u - +0 tower shield
rNeg    + . .        P - +3 plate armour {Will+}
rPois   +            U - +2 helmet
rElec   .            T - +2 cloak {Stlth+}
rCorr   .            E - +2 pair of gloves
SInv    +            p - +2 pair of boots of Zuhacuz {Dex+4 SInv}
Will    ++++.        K - amulet of regeneration Stlth
                     q - ring "Eroibit" {rPois rN+ Str+4}
HPRegen 2.25/turn    V - +4 ring of protection
MPRegen 0.16/turn

%: random rage (3%)
@: strong-willed, on berserk cooldown, contaminated, regenerating, glowing
A: (nimble swimmer 2), mertail, berserk 1, clumsy 2, shaggy fur 1, weak 1
a: Renounce Religion, Berserk, Trog's Hand, Brothers in Arms


You were on level 2 of the Spider Nest.
You worshipped Trog.
Trog was greatly pleased with you.
You visited 5 branches of the dungeon, and saw 27 of its levels.
You also visited: Sewer, Ossuary, Bailey, Gauntlet and Ice Cave.

You collected 2972 gold pieces.
You spent 1673 gold pieces at shops.

Inventory:

Hand Weapons
 a - a +0 double sword of draining (weapon)
 b - a +1 falchion of flaming
Missiles
 e - 7 curare-tipped darts
 f - 12 javelins
 g - 45 poisoned darts
 h - 243 stones
 j - an atropa-tipped dart
 s - 4 throwing nets
 t - 20 boomerangs (quivered)
 L - 8 boomerangs of dispersal
 O - 6 silver javelins
Armour
 p - the +2 pair of boots of Zuhacuz (worn) {Dex+4 SInv}
   (You found it in a Gauntlet)

   Dex:       It affects your dexterity (+4).
   SInv:      It lets you see invisible.
 u - a +0 tower shield (worn)
 E - a +2 pair of gloves (worn)
 P - a +3 plate armour of willpower (worn)
 T - a +2 cloak of stealth (worn)
 U - a +2 helmet (worn)
Jewellery
 q - the ring "Eroibit" (left hand) {rPois rN+ Str+4}
   (You acquired it in a bailey)

   [ring of poison resistance]

   Str:       It affects your strength (+4).
   rPois:     It protects you from poison.
   rN:        It protects you from negative energy.
 r - a ring of flight
 K - an amulet of regeneration (around neck)
 M - a ring of resist corrosion
 V - a +4 ring of protection (right hand)
Wands
 l - a wand of flame (64)
 w - a wand of quicksilver (12)
 B - a wand of mindburst (36)
 I - a wand of iceblast (27)
 N - a wand of digging (8)
 R - a wand of paralysis (15)
Scrolls
 c - 4 scrolls of blinking
 x - 6 scrolls of fear
 y - 4 scrolls of teleportation
 F - 2 scrolls of fog
 J - 2 scrolls of immolation
 X - a scroll of butterflies
Potions
 d - 2 potions of heal wounds
 i - 4 potions of haste
 k - a potion of cancellation
 n - 10 potions of curing
 o - 4 potions of enlightenment
 v - 4 potions of ambrosia
 C - a potion of might
 G - 4 potions of invisibility
 H - 3 potions of resistance
 S - 6 potions of attraction
Miscellaneous
 m - a phial of floods (inert)
 A - a lightning rod (4/4)
 D - a sack of spiders
 Q - a tin of tremorstones (1/2)


   Skills:
 - Level 16.0 Fighting
 - Level 16.0 Long Blades
 - Level 16.0 Throwing
 - Level 13.4 Armour
 - Level 7.0 Dodging
 * Level 13.0 Shields
 - Level 6.0 Evocations


You had 17 spell levels left.
You didn't know any spells.
Your spell library was empty.

Dungeon Overview and Level Annotations

Branches:
Dungeon (15/15)            Temple (0/1) D:6            Lair (5/5) D:10
 Shoals (3/4) Lair:2       Spider (2/4) Lair:3        Slime (0/5) Lair:5
    Orc (2/2) D:10            Elf (0/3) Orc:2        Vaults (0/5) D:14
 Depths (0/4) D:15          Sewer (visited)         Ossuary (visited)
 Bailey (visited)           IceCv (visited)         Gauntlet (visited)

Altars:
Ashenzari
Cheibriados
Elyvilon
Makhleb
Nemelex Xobeh
Qazlal
Ru
Wu Jian
Xom
Yredelemnul
Zin
The Shining One

Shops:
D:2 *   D:6 *   D:11 [   Orc:2 =*[*   Shoals:2 (

Annotations:
Lair:4 2 transporters, liarliar's ghost, journeyman DrHW


Innate Abilities, Weirdness & Mutations

((You are very nimble when in or above water. (Stealth+, EV+, Speed+++)))
Your lower body shifts to a powerful aquatic tail in water.
You sometimes lose your temper in combat.
You are very clumsy. (Dex -4)
You are covered in fur. (AC +1)
You are weak. (Str -2)


Message History

You feel much better.
You are covered in liquid flames!
* * * LOW HITPOINT WARNING * * *
The sun moth throws energy at you. The bolt of energy hits you.
* * * LOW HITPOINT WARNING * * *
You block the radroach's attack.
The radroach claws you but does no damage.
You slice the sun moth!!
You kill the sun moth!
Trog accepts your kill.
You are covered in liquid flames!
* * * LOW HITPOINT WARNING * * *
The radroach erupts in a fountain of uncontrolled magic!
You are blasted with magical radiation!
* * * LOW HITPOINT WARNING * * *
You are contaminated with residual magic.
You slash the radroach!
The radroach is lightly wounded.
You are covered in liquid flames!
* * * LOW HITPOINT WARNING * * *
The radroach bites you.
* * * LOW HITPOINT WARNING * * *
The radroach claws you but does no damage.
Throw: 2 darts (atropa)
Press: ? - help, Shift-Dir - straight line, f - radroach
Aim: a radroach (lightly wounded, 86% to hit, chance to blind on hit: 30%)
You throw an atropa-tipped dart.
The atropa-tipped dart hits the radroach!
The radroach resists.
The radroach is lightly wounded.
The radroach bites you but does no damage.
You block the radroach's attack.
Aiming: Paralyse
Press: ? - help, Shift-Dir - straight line, f/p - radroach
Aim: a radroach (lightly wounded, chance to affect: 29%)
The radroach easily resists.
The radroach erupts in a fountain of uncontrolled magic!
You are blasted with magical radiation!!
You die...

### ## ##.########.##
# #†..##.##....##
.###..##..#.<....#
###!.#.†.B....†...###
#<.....#^†@...#.....#
#>.#...###.#####.^..#
#..s.s...s#..# ###
...... ..##s##...###
###.... .. ....# #.#.
#s. ..#.y ## B#
..#.... ## ..#..
..#..^


You could see a radroach.

Vanquished Creatures
  Mlioglotl (Shoals:1)
  Kirke (Lair:2)
  Ilsuiw (Shoals:3)
  A ghost moth (Spider:1)
  Louise (Shoals:2)
  An orc warlord (Bailey)
  6 slime creatures
  A minotaur (Gauntlet)
  A merfolk javelineer (Shoals:3)
  4 merfolk impalers
  A yaktaur captain (D:14)
  2 ice dragons (D:15)
  7 hydras
  A merfolk avatar (Shoals:1)
  3 merfolk aquamancers
  A radroach (Spider:2)
  A death knight (D:13)
  2 satyrs (Shoals:3)
  2 centaur warriors (D:15)
  4 two-headed ogres
  3 boulder beetles
  2 catoblepae
  6 death yaks
  A tengu warrior (D:15)
  4 demonic crawlers
  3 orc high priests (Orc:2)
  Urug (D:12)
  The ghost of hgbash the Ruffian, a novice TrFi of Hepliaklqana (D:9)
  13 skysharks
  A fire crab (Gauntlet)
  3 skeletal warriors (D:14)
  3 sun moths
  9 sea snakes
  A phantasmal warrior (D:13)
  10 harpies
  5 orc knights (Orc:2)
  Pikel (D:7)
  3 wolf spiders (Spider:1)
  3 orc sorcerers
  22 ugly things
  5 deep elf pyromancers
  A moth of wrath (Spider:2)
  7 cyclopes
  14 manticores
  7 fauns
  11 elephants
  2 ice statues (IceCv)
  Maurice (D:10)
  7 merfolk sirens
  A gargoyle (D:12)
  7 black mambas
  4 torpor snails
  19 cane toads
  2 kobold demonologists
  Maggie (D:6)
  9 rime drakes
  3 unseen horrors
  A tengu conjurer (D:15)
  2 yaktaurs (D:14)
  A freezing wraith (IceCv)
  14 komodo dragons
  4 trolls
  A burning bush (Lair:2)
  15 merfolk
  Prince Ribbit (D:5)
  3 wind drakes
  3 tarantellas
  A tyrant leech (Lair:5)
  2 polar bears
  9 snapping turtles
  24 blink frogs
  Sigmund (D:6)
  6 dream sheep
  3 culicivoras
  7 shadows
  13 wyverns
  12 water elementals
  49 yaks
  12 jumping spiders
  4 wraiths
  4 fire bats (Gauntlet)
  A fire elemental (Lair:2)
  8 basilisks
  3 steam dragons
  18 redbacks
  9 vampire mosquitoes
  15 water moccasins
  2 wargs (Orc:2)
  28 orc warriors
  2 hell hounds (Gauntlet)
  A sky beast (D:6)
  5 ice beasts
  A black bear (D:7)
  10 ogres
  5 boggarts (D:15)
  11 wolves
  9 centaurs
  2 lemures (D:7)
  6 kobold brigands
  Blork the orc (D:6)
  19 bullfrogs
  2 scorpions
  3 water moccasin zombies (Ossuary)
  A cane toad simulacrum (IceCv)
  A gnoll sergeant (D:10)
  5 wights
  8 killer bees
  4 electric eels
  7 howler monkeys
  2 lava snakes (Lair:2)
  2 hounds (D:5)
  5 jellies
  2 gnoll boudas
  13 orc priests
  3 iguanas
  Ijyb (D:5)
  4 sleepcaps
  21 orc wizards
  3 hell rats (Lair:3)
  2 polar bear simulacra (IceCv)
  A wolf simulacrum (IceCv)
  2 mummies (Ossuary)
  A boggart simulacrum (D:14)
  16 gnolls
  6 adders
  6 river rats
  A shadow imp (D:6)
  3 white imps
  7 adder zombies (Ossuary)
  4 worms
  17 dart slugs
  65 orcs
  14 bats
  12 endoplasms
  6 giant cockroaches
  4 gnoll zombies (Ossuary)
  20 goblins
  14 hobgoblins
  6 jackals
  19 kobolds
  4 quokkas
  11 ball pythons
  5 frilled lizards
  4 hobgoblin zombies (Ossuary)
  2 kobold zombies (Ossuary)
  6 orc zombies (Ossuary)
  6 rats
  A spectral weapon (Shoals:3)
938 creatures vanquished.

Vanquished Creatures (collateral kills)
  The ghost of bungle the Fighter, a journeyman DsBe of Trog (Lair:1)
  7 death yaks
  2 skeletal warriors (D:14)
  A sea snake (Shoals:3)
  4 ugly things
  4 fauns
  An orc sorcerer (Orc:2)
  A manticore (Shoals:3)
  A merfolk siren (Shoals:1)
  A torpor snail (Lair:3)
  A komodo dragon (Lair:3)
  A merfolk (Shoals:3)
  2 dream sheep (Shoals:3)
  16 yaks
  A black bear (Lair:3)
44 creatures vanquished.

Vanquished Creatures (others)
  A radroach (Spider:2)
  2 humans (Shoals:1)
  An orc priest (Orc:2)
  An orc (Orc:2)
5 creatures vanquished.

Grand Total: 987 creatures vanquished

Notes
Turn   | Place    | Note
-------+----------+-------------------------------------------
     0 | D:1      | jejorda2 the Merfolk Berserker began the quest for the Orb.
     0 | D:1      | Reached XP level 1. HP: 18/18 MP: 1/1
   108 | D:1      | Reached XP level 2. HP: 24/24 MP: 2/2
   266 | D:1      | Reached XP level 3. HP: 30/30 MP: 3/3
   295 | D:1      | Reached ** piety under Trog
   766 | D:2      | Reached skill level 5 in Long Blades
   842 | D:2      | Reached XP level 4. HP: 37/37 MP: 4/4
   843 | D:2      | Found Duhuukk's General Store.
   849 | D:2      | Bought a scroll of teleportation for 39 gold pieces
  1120 | D:2      | Found a shimmering altar of Xom.
  1411 | D:2      | Identified the +1 sling "Vuixtes" {freeze, rN++ Dex+4}
  1514 | D:3      | Reached XP level 5. HP: 43/43 MP: 5/5
  1926 | D:3      | Reached skill level 1 in Shields
  2022 | D:3      | Reached *** piety under Trog
  2330 | D:4      | Found a broken altar of Ashenzari.
  2882 | D:4      | Found a sparkling altar of Nemelex Xobeh.
  3026 | D:4      | Reached XP level 6. HP: 49/49 MP: 6/6
  3086 | D:4      | Found a glowing golden altar of the Shining One.
  3096 | D:4      | Found a basalt altar of Yredelemnul.
  3248 | D:4      | Noticed an angel
  3310 | D:5      | Entered Level 5 of the Dungeon
  3323 | D:5      | Reached skill level 5 in Fighting
  3380 | D:5      | Reached XP level 7. HP: 56/56 MP: 7/7
  3405 | D:5      | Found a glowing drain.
  3449 | Sewer    | Entered a sewer
  3680 | Sewer    | Reached **** piety under Trog
  4524 | D:5      | Noticed Ijyb
  4540 | D:5      | Killed Ijyb
  4600 | D:5      | Reached XP level 8. HP: 40/64 MP: 8/8
  4907 | D:5      | Noticed Prince Ribbit
  4933 | D:5      | Killed Prince Ribbit
  5471 | D:6      | Noticed Maggie
  5484 | D:6      | Killed Maggie
  5485 | D:6      | Reached skill level 10 in Long Blades
  5605 | D:6      | Identified a scroll of acquirement
  5605 | D:6      | Acquired a manual of Armour
  5610 | D:6      | Noticed Sigmund
  5616 | D:6      | Noticed Blork the orc
  5626 | D:6      | Killed Sigmund
  5627 | D:6      | Reached skill level 5 in Shields
  5631 | D:6      | Killed Blork the orc
  5632 | D:6      | Reached XP level 9. HP: 69/69 MP: 9/9
  5738 | D:6      | Found a staircase to the Ecumenical Temple.
  5793 | D:6      | Found Yngaqed's Assorted Antiques.
  5798 | D:6      | Bought a lumpy dark potion for 28 gold pieces
  5798 | D:6      | Bought an encrusted wooden wand for 128 gold pieces
  6664 | D:7      | Noticed Pikel
  6707 | D:7      | Killed Pikel
  6862 | D:7      | Reached skill level 5 in Armour
  6937 | D:7      | Reached XP level 10. HP: 76/76 MP: 10/10
  7404 | D:8      | Found a snail-covered altar of Cheibriados.
  7453 | D:8      | Found a sand-covered staircase.
  7458 | Ossuary  | Entered an ossuary
  7689 | D:8      | Found a flagged portal.
  7694 | D:8      | Reached ***** piety under Trog
  7707 | Bailey   | Entered a bailey
  8110 | Bailey   | Acquired the ring "Eroibit" {rPois rN+ Str+4}
  8164 | Bailey   | Noticed an orc warlord
  8177 | Bailey   | Killed an orc warlord
  8190 | Bailey   | Identified the amulet "Dountuyr" {RegenMP rC- rN+ Str+4
                  | SInv}
  8232 | Bailey   | Reached XP level 11. HP: 40/86 MP: 11/11
  9112 | D:9      | Found a runed translucent gate.
  9279 | D:9      | Received a gift from Trog
  9329 | D:9      | Identified the +3 war axe of the Cursing Gods {spect, rF+
                  | rN++ SInv Stlth-}
  9413 | D:9      | Noticed a two-headed ogre
  9439 | D:9      | Killed a two-headed ogre
  9528 | D:9      | Found an ornate altar of the Wu Jian Council.
  9531 | D:9      | Found a white marble altar of Elyvilon.
  9598 | D:9      | Reached skill level 10 in Fighting
  9745 | D:9      | Found a runed translucent gate.
  9745 | D:9      | Found a runed translucent gate.
  9750 | D:9      | Reached skill level 1 in Evocations
  9823 | D:9      | Noticed hgbash's ghost (novice TrFi)
  9823 | D:9      | Noticed a ten-headed hydra
 10083 | D:9      | Killed a six-headed hydra
 10094 | D:9      | Killed hgbash's ghost
 10099 | D:9      | Identified the +7 broad axe of Winter {drain, MP+9 Str+3
                  | Int+5}
 10149 | D:10     | Entered Level 10 of the Dungeon
 10510 | D:10     | Noticed a two-headed ogre
 10519 | D:10     | Killed a two-headed ogre
 10763 | D:10     | Reached XP level 12. HP: 96/98 MP: 12/12
 10808 | D:10     | Reached skill level 5 in Evocations
 10856 | D:10     | Noticed Maurice
 10879 | D:10     | Killed Maurice
 10912 | D:10     | Found a staircase to the Lair.
 10953 | D:10     | Found a burning altar of Makhleb.
 10986 | D:10     | Found a staircase to the Orcish Mines.
 11264 | Lair:1   | Entered Level 1 of the Lair of Beasts
 11411 | Lair:1   | Reached skill level 1 in Throwing
 11590 | Lair:1   | Reached skill level 10 in Shields
 12147 | Lair:1   | Reached skill level 5 in Throwing
 12227 | Lair:1   | Found a large runed translucent door.
 12228 | Lair:1   | Found a large runed translucent door.
 12241 | Lair:1   | Noticed bungle's ghost (journeyman DsBe)
 12520 | Lair:1   | Killed bungle's ghost
 12587 | Lair:2   | Noticed a seven-headed hydra
 12603 | Lair:1   | Killed a one-headed hydra
 12874 | Lair:2   | Reached XP level 13. HP: 74/104 MP: 13/13
 13370 | Lair:2   | Found a staircase to the Shoals.
 14007 | Lair:3   | Received a gift from Trog
 14180 | Lair:3   | Reached skill level 10 in Armour
 14268 | Lair:3   | Reached skill level 10 in Throwing
 14299 | Lair:3   | Found a hole to the Spider Nest.
 14310 | Lair:3   | Reached skill level 5 in Dodging
 14421 | Lair:3   | Reached XP level 14. HP: 90/115 MP: 14/14
 15580 | Lair:4   | Identified the +2 trident "Jellybane" {antimagic, Dex+3
                  | Stlth+}
 15941 | Lair:4   | Found a transporter.
 15943 | Lair:4   | Found a transporter.
 15944 | Lair:4   | Noticed liarliar's ghost (journeyman DrHW)
 16237 | Lair:5   | Entered Level 5 of the Lair of Beasts
 16332 | Lair:5   | Received a gift from Trog
 17011 | Lair:5   | Found a staircase to the Slime Pits.
 17059 | Lair:5   | Reached XP level 15. HP: 116/126 MP: 15/15
 18185 | D:11     | Found a frozen archway.
 18218 | IceCv    | Entered an ice cave
 18352 | IceCv    | Found a transporter.
 18373 | IceCv    | Found a transporter.
 18406 | IceCv    | Reached skill level 15 in Fighting
 18776 | D:11     | Found Ufiatsi's Antique Armour Shoppe.
 18779 | D:11     | Bought a shiny plate armour for 832 gold pieces
 18779 | D:11     | Bought a pair of embroidered boots for 240 gold pieces
 19214 | D:12     | Noticed Urug
 19233 | D:12     | Killed Urug
 19424 | D:12     | Reached XP level 16. HP: 136/136 MP: 16/16
 20297 | D:13     | Found a gate leading to a gauntlet.
 20333 | Gauntlet | Entered a Gauntlet
 20333 | Gauntlet | Found a transporter.
 20342 | Gauntlet | Found a transporter.
 20354 | Gauntlet | Found a transporter.
 20358 | Gauntlet | Found a transporter.
 20368 | Gauntlet | Found a transporter.
 20388 | Gauntlet | Found a transporter.
 20401 | Gauntlet | Found a transporter.
 20423 | Gauntlet | Found a transporter.
 20425 | Gauntlet | Found a transporter.
 20433 | Gauntlet | Found a transporter.
 20453 | Gauntlet | Found a transporter.
 20457 | Gauntlet | Found a transporter.
 20553 | Gauntlet | Identified the +0 hat of Bedevilment {Contam rElec SInv}
 20613 | Gauntlet | Identified the +2 pair of boots of Zuhacuz {Dex+4 SInv}
 20667 | Gauntlet | Identified the +9 mace of Revolt {heavy, SInv}
 20667 | Gauntlet | Identified the +1 chain mail "Keremm" {Rampage *Slow
                  | Will++}
 21311 | D:14     | Found a gate to the Vaults.
 21755 | D:14     | Found a stormy altar of Qazlal.
 21909 | D:14     | Reached XP level 17. HP: 144/144 MP: 17/17
 21928 | D:14     | Received a gift from Trog
 22285 | D:15     | Entered Level 15 of the Dungeon
 22382 | D:15     | Found a glowing silver altar of Zin.
 22671 | D:15     | Found a sacrificial altar of Ru.
 22832 | D:15     | Found a staircase to the Depths.
 22926 | D:15     | Reached skill level 15 in Throwing
 23496 | Orc:1    | Entered Level 1 of the Orcish Mines
 23657 | Orc:1    | You fall into a shaft and drop 1 floor!
 23657 | Orc:2    | Entered Level 2 of the Orcish Mines
 24419 | Orc:2    | Found a staircase to the Elven Halls.
 24582 | Orc:2    | Gained mutation: You are clumsy. (Dex -2) [a neqoxec]
 24623 | Orc:2    | Found Riorph's Jewellery Emporium.
 24623 | Orc:2    | Found Kuerchor's Assorted Antiques.
 24625 | Orc:2    | Found Nunyijanumm's Antique Armour Shop.
 24625 | Orc:2    | Found Teamidam's General Store.
 24933 | Shoals:1 | Entered Level 1 of the Shoals
 24933 | Shoals:1 | Noticed Kirke
 24942 | Lair:2   | Noticed a sphinx
 24946 | Lair:2   | Killed Kirke
 25405 | Shoals:1 | Noticed Mlioglotl
 25419 | Shoals:1 | Gained mutation: You occasionally shout uncontrollably at
                  | your foes. [a neqoxec]
 25420 | Shoals:1 | Gained mutation: You are very clumsy. (Dex -4) [a neqoxec]
 25422 | Shoals:1 | Gained mutation: Your body sometimes deteriorates upon
                  | taking damage. [a neqoxec]
 25423 | Shoals:1 | Gained mutation: You sometimes lose your temper in combat.
                  | [a neqoxec]
 25426 | Shoals:1 | Gained mutation: You are weak. (Str -2) [a neqoxec]
 25428 | Shoals:1 | Paralysed by accursed screaming for 1 turns
 25433 | Shoals:1 | Gained mutation: You have an uncontrollable temper. [a
                  | neqoxec]
 25435 | Shoals:1 | HP: 5/144 [Mlioglotl (27)]
 26538 | Shoals:1 | Killed Mlioglotl
 26547 | Shoals:1 | Lost mutation: You occasionally shout uncontrollably at
                  | your foes. [potion of mutation]
 26547 | Shoals:1 | Lost mutation: You have an uncontrollable temper. [potion
                  | of mutation]
 26547 | Shoals:1 | Gained mutation: You are robust. (+10% HP) [potion of
                  | mutation]
 26547 | Shoals:1 | Gained mutation: Your magical capacity is low. (-10% MP)
                  | [potion of mutation]
 26548 | Shoals:1 | Lost mutation: You are robust. (+10% HP) [potion of
                  | mutation]
 26548 | Shoals:1 | Lost mutation: Your magical capacity is low. (-10% MP)
                  | [potion of mutation]
 26548 | Shoals:1 | Lost mutation: Your body sometimes deteriorates upon taking
                  | damage. [potion of mutation]
 26548 | Shoals:1 | Gained mutation: You are partially covered in iridescent
                  | scales. (AC +2) [potion of mutation]
 26548 | Shoals:1 | Gained mutation: You are frail. (-10% HP) [potion of
                  | mutation]
 26549 | Shoals:1 | Lost mutation: You are partially covered in iridescent
                  | scales. (AC +2) [potion of mutation]
 26549 | Shoals:1 | Lost mutation: You are frail. (-10% HP) [potion of
                  | mutation]
 26549 | Shoals:1 | Gained mutation: Your spells are a little easier to cast,
                  | but a little less powerful. [potion of mutation]
 26549 | Shoals:1 | Gained mutation: You are covered in fur. (AC +1) [potion of
                  | mutation]
 27370 | Shoals:2 | Found Zauraj's Weapon Emporium.
 27380 | Shoals:2 | Received a gift from Trog
 27419 | Shoals:2 | Bought a +0 double sword of draining for 406 gold pieces
 27881 | Shoals:3 | Noticed Louise
 27917 | Shoals:2 | Reached XP level 18. HP: 142/151 MP: 18/18
 28065 | Shoals:3 | Noticed Ilsuiw
 28115 | Shoals:3 | Killed Ilsuiw
 28116 | Shoals:3 | Reached skill level 15 in Long Blades
 28949 | Shoals:2 | HP: 6/151 [poisoned by a merfolk impaler]
 29124 | Shoals:2 | Killed Louise
 29686 | Spider:1 | Entered Level 1 of the Spider Nest
 29969 | Spider:1 | Identified the +1 mace "Acham" {flame, rN+}
 30937 | Spider:2 | Lost mutation: Your spells are a little easier to cast, but
                  | a little less powerful. [mutagenic glow]
 30965 | Spider:2 | HP: 6/151 [burnt (3)]
 30970 | Spider:2 | Demolished by a radroach

Illustrated notes

Levels and vault maps discovered:
D:1:      sevenhm_arrival_forest_fort_large_4, layout_rooms, minivault_27,
          minmay_shallow_snake_nest
D:2:      minmay_angry_zag, layout_loops_ring, serial_shops, shop, basic_altar
D:3:      kennysheep_slugbush, layout_loops_ring
D:4:      layout_basic, grunt_temple_overflow_holy_war,
          cheibrodos_ashenzari_chains, nemelex_dance_club_becter,
          grunt_decor_one_mirror, minmay_distorted
D:5:      layout_basic, portal_sewer_entry_c, hex_medium, uniq_ijyb,
          uniq_prince_ribbit1
D:6:      layout_gridville, minmay_temple_entry_hall, serial_shops, shop,
          minmay_starry_boxes, uniq_maggie, uniq_sigmund, uniq_blork_the_orc
D:7:      layout_gridville, uniq_pikel
D:8:      layout_loops_ring, kennysheep_slug_shrine,
          lightli_ossuary_entry_decrepit_ruins, enter_bailey_5
D:9:      cheibrodos_steamvent, layout_basic, nicolae_overflow_squiral,
          gammafunk_ghost_hydra_chop
D:10:     layout_basic, bloody_makhleb, hellmonk_lair_entry_icy, orc_0_dummy,
          minmay_quadrilaterals, uniq_maurice
D:11:     layout_roguey, portal_ice_cave_rime, serial_shops,
          nicolae_shop_real_fake_doors, minmay_misc_feat_rugged
D:12:     layout_layer_cave, uniq_urug
D:13:     layout_cave_pools, gauntlet_entry_generic, minmay_unpleasant_kobolds
D:14:     layout_roguey, david_vaults_2, minmay_misc_feat_cross,
          nicolae_qazlal_style_of_elements
D:15:     grunt_enter_depths_hoard, layout_loops_ring, hangedman_ru_absence,
          zin_academy
Lair:1:   layout_gridlike, ebering_ghost_disaster_area,
          grunt_forest_small_clearing_treed
Lair:2:   layout_gridlike, minmay_shoals_entry_hut, st_stairs_6, evilmike_ambush
          [evilmike_ambush_outer_pillars, evilmike_ambush_inner_pond]
Lair:3:   layout_loops_ring, nicolae_spider_entry_tight_spaces, special_room
          [special_room_mythical_zoo]
Lair:4:   layout_roguey, gammafunk_ghost_hive, infiniplex_staircase_pool,
          grunt_megastairs_1
Lair:5:   minmay_lair_end_frog_pond, layout_gridlike,
          nicolae_slime_entry_slimehenge
Shoals:1: layout_shoals, uniq_mlioglotl, uniq_kirke
Shoals:2: layout_shoals, serial_shops, nicolae_shop_just_a_little_nook
Shoals:3: layout_shoals, uniq_louise, uniq_ilsuiw
Spider:1: layout_spider_delve, hangedman_spider_tarantella_strand
Spider:2: layout_spider_delve, drop_trap, nicolae_spider_solar_radiation,
          uniq_arachne, uniq_nikola
Orc:1:    layout_caves, basic_altar, nicolae_orc_flooded_monolith,
          nicolae_orc_crystal_geode
Orc:2:    grunt_orc_tribal_feast, layout_caves

Skill      XL: |  1  2  3  4  5  6  7  8  9 10 11 12 13 14 15 16 17 18 |
---------------+-------------------------------------------------------+-----
Long Blades    | 4 5 6 7 8 10 12 14 16 | 16.0
Fighting       | 4 5 6 8 10 12 14 15 16 | 16.0
Shields        | 1 2 3 5 6 7 10 11 13 | 13.0
Armour         | 2 5 8 10 11 13 | 13.4
Evocations     | 4 6 |  6.0
Throwing       | 7 10 11 13 14 16 | 16.0
Dodging        | 5 7 |  7.0

Action                     |  1- 3 |  4- 6 |  7- 9 | 10-12 | 13-15 | 16-18 || total
---------------------------+-------+-------+-------+-------+-------+-------++-------
  Melee: Falchion          |    58 |    97 |   384 |    28 |    16 |    26 ||   609
         Punch             |     1 |       |       |       |       |       ||     1
         Tailslap          |       |       |    11 |       |    16 |     7 ||    34
         Scimitar          |       |       |       |   889 |  1133 |  1149 ||  3171
         Double sword      |       |       |       |       |       |   528 ||   528
   Fire: Shortbow          |    38 |    16 |       |       |       |       ||    54
         Sling             |       |    70 |       |       |       |       ||    70
  Throw: Javelin           |       |     3 |       |       |     3 |    23 ||    29
         Dart              |       |       |     3 |    12 |    18 |    23 ||    56
         Stone             |       |       |       |     3 |     9 |       ||    12
         Boomerang         |       |       |       |       |    23 |    53 ||    76
         Throwing net      |       |       |       |       |       |     4 ||     4
 Invoke: Berserk           |       |     3 |     8 |    11 |    14 |    20 ||    56
         Trog's Hand       |       |     2 |     5 |     5 |     9 |    15 ||    36
         Brothers in Arms  |       |       |       |     2 |     4 |     6 ||    12
  Evoke: Wand              |       |       |       |     2 |     5 |     6 ||    13
         Tin of tremorston |       |       |       |       |     1 |     2 ||     3
         Phial of floods   |       |       |       |       |       |     2 ||     2
         Lightning rod     |       |       |       |       |       |     4 ||     4
    Use: Scroll            |       |     2 |     9 |    13 |    14 |     7 ||    45
         Potion            |       |       |       |     2 |     4 |    23 ||    29
   Stab: Petrifying        |       |       |       |       |     5 |     1 ||     6
         Petrified         |       |       |       |       |       |     6 ||     6
         Distracted        |       |       |       |       |       |     1 ||     1
         Paralysed         |       |       |       |       |       |     4 ||     4
 Armour: Animal skin       |    10 |       |       |       |       |       ||    10
         Ring mail         |     7 |    40 |    94 |    25 |       |       ||   166
         Plate armour      |       |       |       |   340 |   552 |  1078 ||  1970
  Dodge: Dodged            |    58 |    37 |   132 |   175 |   336 |   593 ||  1331
  Block: Buckler           |       |    25 |    61 |    83 |    11 |       ||   180
         Kite shield       |       |       |       |   182 |   702 |   901 ||  1785
         Tower shield      |       |       |       |       |       |   409 ||   409

Table legend: (Time is in decaauts)
 A = Elapsed time spent in this place.
 B = Non-inter-level travel time spent in this place.
 C = Inter-level travel time spent in this place.
 D = Time resting spent in this place.
 E = Time spent auto-exploring this place.
 F = Levels seen in this place.
 G = Mean time per level.
                   A        B        C        D        E       F      G
               +--------+--------+--------+--------+--------+-----+--------+
         Total |  29775 |  28167 |   1608 |   2879 |  17597 |  32 |  930.5 |
       Dungeon |  14556 |  13715 |    841 |   1002 |   9834 |  15 |  970.4 |
          Lair |   6860 |   6352 |    508 |    769 |   3642 |   5 | 1372.0 |
        Shoals |   3815 |   3675 |    140 |    609 |   2015 |   3 | 1271.7 |
   Spider Nest |   1193 |   1128 |     65 |    215 |    591 |   2 |  596.5 |
  Orcish Mines |   1311 |   1258 |     53 |     49 |    824 |   2 |  655.5 |
         Sewer |    579 |    579 |      0 |      0 |    327 |   1 |  579.0 |
       Ossuary |    152 |    152 |      0 |      0 |      0 |   1 |  152.0 |
        Bailey |    646 |    646 |      0 |    134 |    108 |   1 |  646.0 |
      Ice Cave |    228 |    228 |      0 |    100 |      0 |   1 |  228.0 |
      Gauntlet |    429 |    429 |      0 |      0 |    254 |   1 |  429.0 |
               +--------+--------+--------+--------+--------+-----+--------+

Top non-repeatable levels by time:
  Lair:3: 1615 daAuts
  Lair:5: 1570 daAuts
Shoals:2: 1500 daAuts
  Lair:2: 1488 daAuts
     D:5: 1443 daAuts
Shoals:1: 1363 daAuts
  Lair:1: 1358 daAuts
    D:12: 1285 daAuts
    D:10: 1254 daAuts
     D:4: 1191 daAuts
     D:9: 1093 daAuts
Spider:1: 1077 daAuts
     D:6: 1060 daAuts
    D:15: 1043 daAuts
    D:14: 1001 daAuts
